Map: King Sejong Station LE

Players

TwoRCfourU - Winner!

  • Race: Terran Terran
  • League: Gold

Nickos

  • Race: Terran Terran
  • League: Gold

VOD

Have the link to the VOD?

Description

Time

  • Played on: Sept. 25, 2016, 8:57 a.m.
  • Length: 17:48
Show
View Real Time Build Order
Export as new Build Order

TwoRCfourU Terran - Winner!

Build Orders:  

Get SALT Encoding   

  12  0:02  SCV  
  13  0:14  Supply Depot  
  13  0:18  SCV  
  14  0:25  Refinery  
  14  0:30  SCV  
  15  0:46  Barracks  
  15  0:48  SCV  
  16  1:00  SCV  
  16  1:03  Refinery  
  17  1:12  SCV  
  17  1:17  Engineering Bay  
  18  1:24  SCV  
  19  1:30  Supply Depot  
  19  1:43  SCV  
  20  1:49  Reaper  
  21  2:28  Command Center  
  21  3:07  Refinery  
  21  3:18  Planetary Fortress  
  20  3:24  Factory  
  20  3:27  Hi-Sec Auto Tracking  
  20  3:39  Planetary Fortress  
  20  3:42  Refinery  
  20  4:11  SCV  
  20  4:14  Factory Tech Lab  
  21  4:23  Missile Turret, SCV  
  21  4:24  Missile Turret  
  22  4:30  Missile Turret  
  22  4:31  SCV  
  22  4:36  SCV  
  24  4:48  SCV  
  25  4:53  Siege Tank  
  25  4:57  SCV  
  29  5:00  SCV  
  30  5:07  Missile Turret  
  30  5:09  SCV  
  30  5:12  SCV  
  32  5:22  SCV  
  32  5:24  SCV  
  34  5:30  Missile Turret  
  34  5:34  SCV  
  35  5:41  Bunker  
  35  5:46  SCV  
  36  5:53  Armory  
  36  5:58  SCV  
  36  6:00  Missile Turret  
  37  6:09  SCV  
  37  6:10  SCV  
  39  6:18  Supply Depot  
  39  6:19  Marine  
  39  6:21  SCV  
  39  6:22  SCV  
  42  6:30  Siege Tank  
  45  6:34  SCV  
  45  6:37  Supply Depot  
  45  6:39  Marine  
  47  6:46  Terran Ship Weapons Level 1, SCV  
  48  6:55  Supply Depot  
  48  6:57  Marine  
  49  7:02  Missile Turret  
  49  7:25  Starport  
  49  7:28  Starport  
  49  7:30  Missile Turret  
  49  7:35  Missile Turret  
  49  7:41  Building Armor  
  49  7:53  Missile Turret  
  49  7:56  Supply Depot  
  49  8:00  Missile Turret  
  49  8:01  SCV  
  50  8:10  Starport Tech Lab x2  
  50  8:29  Corvid Reactor, Explosive Shrapnel Shells  
  50  8:31  Raven x2  
  54  8:37  Marine  
  54  8:40  Terran Vehicle And Ship Armor Level 1  
  55  8:54  Supply Depot  
  55  9:02  Barracks  
  55  9:14  Raven x2  
  58  9:25  Siege Tank  
  55  9:49  SCV  
  52  9:57  Raven x2  
  54  10:01  SCV  
  51  10:13  SCV  
  51  10:20  Marine x2  
  52  10:25  SCV  
  53  10:34  Terran Ship Weapons Level 2  
  53  10:37  SCV  
  53  10:38  Marine x2  
  53  10:39  Raven  
  53  10:40  Bunker, Raven  
  61  10:50  SCV  
  61  10:56  Marine x2  
  63  11:02  SCV  
  64  11:14  Marine, SCV  
  66  11:22  Raven x2  
  70  11:26  SCV  
  70  11:29  Marine  
  70  11:32  Marine  
  73  11:38  SCV  
  74  11:47  Marine  
  74  11:49  Marine  
  74  11:50  SCV  
  77  12:00  Missile Turret  
  77  12:02  SCV  
  77  12:05  Raven x2, Marine  
  77  12:06  Missile Turret  
  77  12:07  Marine  
  80  12:14  SCV  
  80  12:23  Marine  
  80  12:25  Siege Tank, Marine  
  85  12:36  Supply Depot  
  85  12:37  SCV  
  86  12:48  Supply Depot  
  86  12:57  SCV, Marine  
  88  12:59  Supply Depot  
  88  13:09  SCV  
  88  13:11  Supply Depot  
  89  13:14  Raven  
  89  13:15  Raven  
  93  13:21  SCV  
  93  13:25  Terran Vehicle And Ship Armor Level 2  
  94  13:34  Supply Depot, SCV  
  95  13:52  Missile Turret  
  95  13:53  Missile Turret  
  95  13:54  Missile Turret  
  95  13:57  Raven  
  95  13:58  Raven  
  95  14:00  Command Center  
  97  14:40  Raven x2  
  101  14:47  Marine x2  
  103  15:05  Marine x2  
  105  15:18  Supply Depot  
  105  15:23  Raven, Marine x2  
  109  15:41  Marine x2  
  109  15:42  Supply Depot  
  111  15:59  Marine x2  
Show
View Real Time Build Order
Export as new Build Order

Nickos Terran 

Build Orders: MMM Bio 

Get SALT Encoding   

  12  0:01  SCV  
  13  0:13  SCV  
  14  0:17  Supply Depot  
  14  0:25  SCV  
  15  0:39  SCV  
  15  0:40  Barracks  
  16  0:51  SCV  
  17  1:03  SCV  
  18  1:15  SCV  
  19  1:21  Command Center  
  19  1:28  Orbital Command  
  19  1:32  Marine  
  20  1:48  Barracks  
  20  1:56  Supply Depot  
  20  1:57  SCV  
  21  2:09  SCV  
  22  2:19  Marine  
  22  2:21  Barracks  
  23  2:23  SCV  
  23  2:26  Refinery  
  23  2:27  Refinery  
  24  2:35  Bunker, SCV  
  24  2:37  Marine  
  25  2:39  Orbital Command  
  25  2:51  SCV  
  25  2:52  Marine  
  25  2:57  Marine  
  28  3:04  SCV  
  29  3:10  Marine  
  30  3:13  SCV  
  30  3:14  Marine  
  30  3:19  Barracks Tech Lab  
  32  3:28  SCV x2  
  32  3:31  Barracks Reactor  
  34  3:40  SCV  
  35  3:42  Barracks, Barracks Reactor, SCV  
  35  3:43  Barracks  
  35  3:46  Marine  
  37  3:52  SCV  
  37  3:55  Stimpack  
  38  4:04  Marine  
  39  4:11  SCV  
  39  4:12  SCV  
  39  4:14  Marine  
  39  4:15  Marine  
  43  4:19  Supply Depot x2  
  43  4:22  Marine  
  43  4:23  Marine x2  
  46  4:31  Barracks Tech Lab x2  
  46  4:33  Factory  
  46  4:40  SCV x2, Marine  
  46  4:45  Marine x4  
  51  4:51  Supply Depot x2, Marauder x2  
  51  4:52  SCV x2  
  59  4:58  Marine  
  60  5:03  Marine  
  60  5:04  SCV  
  62  5:12  Marine x3  
  62  5:13  Marauder x2, SCV  
  70  5:14  Supply Depot  
  70  5:16  Supply Depot  
  70  5:22  Marine x2  
  70  5:26  SCV x2  
  74  5:31  Marauder  
  76  5:39  Marine x2  
  76  5:40  Marauder x2  
  81  5:44  Marine x2  
  81  5:45  Factory Tech Lab  
  83  5:51  Starport  
  83  5:52  Marauder  
  83  5:56  SCV x2  
  87  5:57  Combat Shields, Marine  
  87  5:59  Marine  
  87  6:01  Marauder, Marine  
  92  6:08  SCV x2  
  94  6:28  Supply Depot x2  
  94  6:29  Marine x3  
  94  6:30  Marauder x2  
  101  6:37  Marine  
  102  6:40  Refinery  
  102  6:49  Marine x2  
  102  6:50  Medivac, Siege Tank  
  102  6:51  Supply Depot  
  102  6:52  Supply Depot x2  
  109  6:59  Marine x3  
  112  7:04  Marauder  
  112  7:06  Marauder  
  112  7:08  Liberator  
  116  7:19  Command Center  
  116  7:21  Marine  
  116  7:22  Marine x4  
  120  7:25  Marine  
  120  7:26  Marine  
  126  7:31  Supply Depot x2  
  126  7:35  Supply Depot  
  126  7:51  Liberator  
  126  7:55  Marauder x2  
  126  7:56  Marauder  
  132  7:59  Marine  
  133  8:06  Marine  
  133  8:07  Marine  
  138  8:12  Marine  
  138  8:14  Orbital Command  
  138  8:15  Orbital Command  
  138  8:16  Marine  
  138  8:17  Marauder x3  
  138  8:18  Refinery  
  146  8:24  Marine  
  147  8:27  Marine  
  147  8:30  Marine  
  149  8:38  Marauder x2  
  153  9:09  Marine x3  
  155  9:10  Marine  
  155  9:16  Liberator  
  147  9:31  Marine x2  
  147  9:32  Marine x2  
  147  9:36  Marine  
  147  9:37  Marine x2  
  145  9:49  Marine x3  
  145  9:50  Marine  
  137  9:54  Marine  
  115  10:06  Marine x2  
  92  10:07  Marine x3  
  75  10:14  Marine x2  
  71  10:24  Marine x2  
  71  10:25  Marine x3  
  74  10:33  Starport, Starport Tech Lab  
  71  10:38  Fusion Core  
  71  10:44  Marine x3  
  71  10:45  Marine x2  
  76  10:54  Engineering Bay, Command Center  
  76  10:55  Engineering Bay  
  76  11:28  Battlecruiser  
  82  11:35  Starport  
  82  11:38  Starport  
  82  11:39  Refinery  
  82  11:40  Refinery  
  82  11:58  Marine  
  82  11:59  Marine  
  82  12:20  Starport Tech Lab x2  
  79  12:32  Battlecruiser  
  85  12:40  Battlecruiser x2  
  97  12:51  Missile Turret  
  97  12:53  Missile Turret  
  97  12:55  Missile Turret x3  
  97  13:03  Command Center  
  97  13:06  Missile Turret  
  97  13:08  Missile Turret  
  97  13:09  Missile Turret  
  97  13:10  Missile Turret  
  97  13:11  Missile Turret x2  
  97  13:14  Missile Turret  
  97  13:16  Orbital Command, Missile Turret  
  97  13:18  Missile Turret  
  97  13:19  Missile Turret  
  97  13:22  Missile Turret  
  97  13:37  Orbital Command  
  97  13:40  Battlecruiser  
  103  13:44  Battlecruiser  
  109  13:50  Missile Turret  
  109  13:57  Ghost Academy  
  108  14:40  Battlecruiser  
  108  14:44  Battlecruiser  
  120  15:23  Battlecruiser  
  120  15:28  Refinery x2  
  126  15:31  Missile Turret  
  126  15:32  Missile Turret  
  126  15:33  Missile Turret x3  
  126  15:35  Missile Turret  
  126  15:37  Missile Turret  
  126  15:40  Missile Turret  
  126  15:41  Missile Turret  
  126  15:43  Missile Turret  
  126  15:54  Battlecruiser  
  121  16:25  Medivac  
  121  16:27  Medivac  
  71  17:08  Marine  
Tags
 
Composition
MMM Bio
League
GoldGold
Matchup
TvT
Race
Terran
Replay Pack
Nickos replay
Add a new tag
Caveats
  • Supply blocks, unpowered buildings, or Contaminate may cause inaccurate times.
  • Supply counts are checked every 10 seconds.